 Dungeon Crawl Stone Soup version 0.30-a0-920-g7493c07aab (webtiles) character file.

Game seed: 3619391955853365717

1785 jasper the Geomancer (level 8, -1/53 HPs)
             Began as a Demonspawn Earth Elementalist on Mar 21, 2023.
             Was a Believer of Vehumet.
             Slain by a yak (10 damage)
             ... on level 8 of the Dungeon.
             The game lasted 00:11:20 (5606 turns).

jasper the Geomancer (DsEE)                         Turns: 5606, Time: 00:11:21

Health: -1/53      AC:  6    Str: 10    XL:     8   Next: 81%
Magic:  20/26      EV: 12    Int: 20    God:    Vehumet [**....]
Gold:   286        SH:  0    Dex: 13    Spells: 12/19 levels left

rFire   + . .      SeeInvis .    s - +4 dagger of Duuneih {flame, rF+}
rCold   . . .      Faith    .    (no shield)
rNeg    . . .      Spirit   .    p - +1 robe of the Unbearable God {rPois Regen+ MP+9 Str+2}
rPois   +          Reflect  .    (no helmet)
rElec   .          Rampage  .    (no cloak)
rCorr   .                        (no gloves)
Will    .....                    j - +1 pair of boots
Stlth   ++                       (no amulet)
HPRegen 1.08/turn                (no ring)
MPRegen 0.20/turn                (no ring)

@: about to teleport
A: rugged brown scales 1, powered by death 1
a: Renounce Religion


You were on level 8 of the Dungeon.
You worshipped Vehumet.
Vehumet was pleased with you.
You visited 2 branches of the dungeon, and saw 9 of its levels.

You collected 286 gold pieces.

Inventory:

Hand Weapons
 e - a +0 spear
 s - the +4 dagger of Duuneih (weapon) {flame, rF+}
   (You found it on level 7 of the Dungeon)

   rF:        It protects you from fire.
Missiles
 c - 6 javelins
 i - 3 silver boomerangs
Armour
 a - a +0 robe
 j - a +1 pair of boots (worn)
 p - the +1 robe of the Unbearable God (worn) {rPois Regen+ MP+9 Str+2}
   (You found it on level 3 of the Dungeon)

   Str:       It affects your strength (+2).
   rPois:     It protects you from poison.
   MP:        It affects your magic capacity (+9).
   Regen:     It increases your rate of health regeneration.
Jewellery
 h - a ring of ice
 r - a ring of fire
Scrolls
 k - a scroll of silence
 m - a scroll of teleportation
 t - a scroll of fear
Potions
 b - 3 potions of magic
 d - a potion of flight {unknown}
 f - 2 potions of resistance
 g - a potion of cancellation
 l - a potion of invisibility {unknown}
 n - 2 potions of berserk rage
 o - 2 potions of attraction {unknown}
 q - a potion of degeneration {unknown}
 u - a potion of might {unknown}
 v - a potion of curing


   Skills:
 - Level 1.7 Dodging
 - Level 1.7 Stealth
 + Level 6.3 Spellcasting
 - Level 0.8 Transmutations
 * Level 9.0 Earth Magic


You had 12 spell levels left.
You knew the following spells:

 Your Spells              Type           Power      Damage    Failure   Level
a - Sandblast             Erth           84%        2d18      1%          1
b - Passwall              Tmut/Erth      21%        N/A       1%          2
c - Stone Arrow           Conj/Erth      48%        3d10      4%          3
d - Apportation           Tloc           12%        N/A       11%         1

Your spell library contained the following spells:

 Spells                   Type           Power      Damage    Failure   Level
 Freeze                   Ice            24%        1d4       11%         1
 Necrotise                Necr           24%        1d5       11%         1
 Summon Small Mammal      Summ           24%        N/A       11%         1
 Petrify                  Tmut/Erth      26%        N/A       13%         4
 Ensorcelled Hibernation  Hex/Ice        12%        N/A       16%         2
 Spider Form              Tmut/Pois      8%         N/A       26%         3
 Anguish                  Hex/Necr       3%         N/A       71%         4


Dungeon Overview and Level Annotations

Branches:
Dungeon (8/15)             Temple (1/1) D:4
   Lair: D:8-11

Altars:
Ashenzari
Cheibriados
Dithmenos
Hepliaklqana
Kikubaaqudgha
Makhleb
Nemelex Xobeh
Okawaru
Qazlal
Ru
Trog
Uskayaw
Vehumet
Wu Jian
Xom
Yredelemnul

Shops:
D:5 (

Annotations:
D:2 Terence


Innate Abilities, Weirdness & Mutations

You are partially covered in rugged brown scales. (AC +1, +3% HP)
You regenerate a little health from kills.


Message History

Aim: a yak (91% to hit)
The blast of sand hits the yak but does no damage.
The yak misses you.
You regained 2 hp, and now have 41/53 hp.
You now have 21/26 mp.
Aiming: Sandblast (safe; 1% risk of failure)
Press: ? - help, Q - select action, (/) - cycle Shift-Dir - straight line, f/p - yak
Aim: a yak (91% to hit)
The blast of sand hits the yak.
The yak is lightly wounded.
The yak gores you!
A centaur warrior comes into view.
The centaur warrior moves out of view.
You take 13 damage, and have 28/53 hp.
MASSIVE DAMAGE!!
Okay, then.
Aiming: Sandblast (safe; 1% risk of failure)
Press: ? - help, Q - select action, (/) - cycle Shift-Dir - straight line, f/p - yak
Aim: a yak (lightly wounded, 91% to hit)
The blast of sand hits the yak!
The yak is heavily wounded.
The yak barely misses you.
You regained 2 hp, and now have 30/53 hp.
You now have 20/26 mp.
Aiming: Sandblast (safe; 1% risk of failure)
Press: ? - help, Q - select action, (/) - cycle Shift-Dir - straight line, f/p - yak
Aim: a yak (lightly wounded, 91% to hit)
The blast of sand hits the yak!
The yak is severely wounded.
The yak gores you! The yak gores you.
You take 13 damage, and have 17/53 hp.
MASSIVE DAMAGE!!
You now have 19/26 mp.
Okay, then.
You aren't carrying any items that you can evoke.
Unknown command.
As you read the scroll of teleportation, it crumbles to dust.
You feel strangely unstable. The yak gores you!
* * * LOW HITPOINT WARNING * * *
You take 9 damage, and have 8/53 hp.
The yak attacks as you move away! The yak gores you but does no damage.
The yak attacks as you move away! The yak gores you!
You die...

#...... #..... #.....
.#.#... ..... #......
#...# #...#.. #...#
#.....#+ #...####
#....#.#####@...# ..
#....#.....#Y##.#
...#....#.....#)#
.......<#.....oY#
.......)##....#†).o..#
....#.#.....o.#.....o#
..# #.........#......#
. ###D..##........##
#...##.....####


You could see 2 yaks and an orc priest.

Vanquished Creatures
  A wraith (D:6)
  3 yaks (D:8)
  2 orc warriors (D:6)
  A phantom (D:5)
  A bullfrog (D:5)
  A scorpion (D:5)
  3 killer bees
  A howler monkey (D:4)
  4 hounds (D:5)
  An orc priest (D:6)
  4 sleepcaps
  3 iguanas
  4 orc wizards
  9 adders
  A shadow imp (D:5)
  A white imp (D:7)
  An ufetubus (D:5)
  A worm (D:2)
  A dart slug (D:5)
  27 orcs
  5 bats
  A bat skeleton (D:6)
  3 bat zombies (D:6)
  6 endoplasms
  3 giant cockroaches
  3 goblins
  5 hobgoblins
  3 jackals (D:5)
  3 kobolds
  4 quokkas
  8 ball pythons
  6 frilled lizards
  6 rats
126 creatures vanquished.

Vanquished Creatures (others)
  A plant (D:5)
1 creature vanquished.

Grand Total: 127 creatures vanquished

Notes
Turn   | Place    | Note
-------+----------+-------------------------------------------
     0 | D:1      | jasper the Demonspawn Earth Elementalist began the quest
                  | for the Orb.
     0 | D:1      | Reached XP level 1. HP: 13/13 MP: 3/3
   162 | D:1      | Reached skill level 3 in Earth Magic
   254 | D:1      | Gained mutation: You regenerate a little health from kills.
                  | [demonic ancestry]
   254 | D:1      | Reached XP level 2. HP: 19/19 MP: 3/5
   747 | D:2      | Learned a level 2 spell: Passwall
   767 | D:2      | Reached XP level 3. HP: 24/24 MP: 3/6
   776 | D:2      | Learned a level 3 spell: Stone Arrow
  1232 | D:2      | Reached skill level 4 in Earth Magic
  1232 | D:2      | Reached XP level 4. HP: 30/30 MP: 6/8
  1442 | D:2      | Noticed Terence
  2304 | D:3      | Identified the +1 robe of the Unbearable God {rPois Regen+
                  | MP+9 Str+2}
  2639 | D:4      | Found a staircase to the Ecumenical Temple.
  2646 | Temple   | Entered the Ecumenical Temple
  2731 | Temple   | Became a worshipper of Vehumet
  2774 | D:4      | Reached XP level 5. HP: 35/35 MP: 9/9
  2900 | D:4      | Found a sparkling altar of Nemelex Xobeh.
  2953 | D:4      | Noticed a black bear
  3134 | D:5      | Entered Level 5 of the Dungeon
  3194 | D:5      | Reached skill level 5 in Earth Magic
  3209 | D:5      | Noticed a phantom
  3321 | D:5      | Reached XP level 6. HP: 36/41 MP: 11/11
  3426 | D:5      | Found Ygrugauwo's Antique Weapon Shoppe.
  3504 | D:5      | Reached skill level 6 in Earth Magic
  3646 | D:5      | You fall into a shaft and drop 2 floors!
  3652 | D:8      | Noticed a steam dragon
  3670 | D:7      | Identified the +4 dagger of Duuneih {flame, rF+}
  3701 | D:7      | Found a bloodstained altar of Trog.
  3995 | D:5      | Reached XP level 7. HP: 46/46 MP: 13/13
  3997 | D:5      | Learned a level 1 spell: Apportation
  4204 | D:5      | Found a shadowy altar of Dithmenos.
  4599 | D:6      | Reached skill level 7 in Earth Magic
  4658 | D:6      | Reached * piety under Vehumet
  4658 | D:6      | Offered knowledge of Magic Dart by Vehumet.
  4819 | D:6      | Reached skill level 5 in Spellcasting
  4875 | D:6      | Found an ancient bone altar of Kikubaaqudgha.
  5296 | D:7      | Noticed a wraith
  5313 | D:6      | Killed a wraith
  5314 | D:6      | Gained mutation: You are partially covered in rugged brown
                  | scales. (AC +1, +3% HP) [demonic ancestry]
  5314 | D:6      | Reached XP level 8. HP: 37/53 MP: 16/16
  5436 | D:6      | Reached skill level 8 in Earth Magic
  5557 | D:8      | Reached ** piety under Vehumet
  5557 | D:8      | Offered knowledge of Freeze by Vehumet.
  5600 | D:8      | Reached skill level 9 in Earth Magic
  5601 | D:8      | Noticed a centaur warrior
  5606 | D:8      | Slain by a yak

Illustrated notes

Levels and vault maps discovered:
D:1:      saegor_arrival_simple_e, layout_basic
D:2:      layout_loops_corners, uniq_terence, uniq_natasha
D:3:      layout_basic, chequers_serial_rivers_micro_a
D:4:      layout_gridville, mainiacjoe_overflow_surrounded_room,
          minmay_temple_entry_drinking_statues
D:5:      layout_basic, gammafunk_temple_overflow_pools, serial_shops,
          nicolae_shop_overgrown_old_shop, minmay_fractal_squares_gapless_5
D:6:      layout_basic, kennysheep_vampire_church
D:7:      layout_cave_pools, amcnicky_altar_gilded, lemuel_crystal_altar
D:8:      layout_basic, serial_shops, shop
Temple:   nicolae_temple_elliptical

Skill      XL: |  1  2  3  4  5  6  7  8 |
---------------+-------------------------+-----
Earth Magic    | 3 4 5 6 7 9 |  9.0
Spellcasting   | 3 4 5 6 |  6.3
Dodging        | |  1.7
Stealth        | |  1.7
Transmutations | |  0.8

Action                     |  1- 3 |  4- 6 |  7- 9 || total
---------------------------+-------+-------+-------++-------
  Melee: Unarmed           |    12 |       |       ||    12
         Punch             |     2 |       |       ||     2
         Spear             |     4 |     7 |       ||    11
   Cast: Sandblast         |    47 |    85 |   105 ||   237
    Use: Scroll            |     3 |    12 |     4 ||    19
         Potion            |       |       |     3 ||     3
 Armour: Robe              |     9 |    11 |    19 ||    39
  Dodge: Dodged            |    29 |    36 |    51 ||   116

Table legend: (Time is in decaauts)
 A = Elapsed time spent in this place.
 B = Non-inter-level travel time spent in this place.
 C = Inter-level travel time spent in this place.
 D = Time resting spent in this place.
 E = Time spent auto-exploring this place.
 F = Levels seen in this place.
 G = Mean time per level.
                   A        B        C        D        E       F      G
               +--------+--------+--------+--------+--------+-----+--------+
         Total |   5758 |   5499 |    259 |    467 |   3403 |   9 |  639.8 |
       Dungeon |   5661 |   5413 |    248 |    467 |   3331 |   8 |  707.6 |
        Temple |     97 |     86 |     11 |      0 |     72 |   1 |   97.0 |
               +--------+--------+--------+--------+--------+-----+--------+

Top non-repeatable levels by time:
     D:3: 1124 daAuts
     D:5: 1080 daAuts
     D:6: 956 daAuts
     D:2: 825 daAuts
     D:1: 724 daAuts
     D:7: 472 daAuts
     D:4: 411 daAuts
  Temple: 97 daAuts
     D:8: 65 daAuts
